Cogmind - Beta 16.1 @@@ ROGUE MODE // 2026.04.26 @ 15:19:31 Player: Dobri Result: Destroyed by Y-45 Defender with Heavy Assault Rifle Performance ------------- Evolutions (0) 0 Regions Visited (4) 800 Robots Destroyed (21) 105 Value Destroyed (363) 363 Prototype IDs (0) 0 Alien Tech Used (0) 0 Bonus (0) 0 TOTAL SCORE: 1268 Bonus ------- None Cogmind --------- Core Integrity 0/250 Matter 300/300 Energy 125/125 System Corruption 0% Temperature Cool (9) Movement Walking (120) Location -9/Mines Parts ------- > --- POWER (1) -------- Light Ion Engine > --- PROPULSION (2) --- Aluminum Leg > --- UTILITY (2) ------ Visual Processing Unit Targeting Computer > --- WEAPON (2) ------- Beam Rifle Makeshift Sword > --- INVENTORY (5) ---- Light Treads Improved Aluminum Leg Visual Processing Unit Peak State ------------ > --- POWER ------------ Ion Engine > --- PROPULSION ------- Light Treads Improved Treads > --- UTILITY ---------- Visual Processing Unit Targeting Computer > --- WEAPON ----------- Beam Rifle Makeshift Sword > --- INVENTORY -------- Light Ion Engine Aluminum Leg Aluminum Leg Visual Processing Unit Blade Trap [Rating: 13] Favorites ----------- Power Ion Engine Engine Ion Engine Propulsion Light Treads Treads Light Treads Leg Aluminum Leg Utility Targeting Computer Storage Small Storage Unit Processor Targeting Computer Weapon Beam Rifle Energy Gun Beam Rifle Ballistic Cannon Improved Light Cannon Launcher Grenade Launcher Slashing Weapon Makeshift Sword Build | -11 -10 -10 -10 -9 ------- Run | Yrd Mat Min Exi Min Slots Evolved . | . . . . . Power . | . . . . . Propulsion . | . . . . . Utility . | . . . . . Weapon . | . . . . . Parts Attached 18 | 6 6 2 . 4 Power 2 | 1 . . . 1 Engine 2 | 1 . . . 1 Core . | . . . . . Reactor . | . . . . . Propulsion 5 | 2 . . . 3 Treads 3 | 2 . . . 1 Leg 2 | . . . . 2 Wheel . | . . . . . Hover . | . . . . . Flight . | . . . . . Utility 4 | 1 3 . . . Device . | . . . . . Storage 2 | 1 1 . . . Processor 2 | . 2 . . . Hackware . | . . . . . Protection . | . . . . . Artifact . | . . . . . Weapon 7 | 2 3 2 . . Energy Gun 3 | 2 . 1 . . Energy Cannon . | . . . . . Ballistic Gun . | . . . . . Ballistic Cannon 2 | . 2 . . . Launcher 1 | . 1 . . . Special Weapon . | . . . . . Impact Weapon . | . . . . . Slashing Weapon 1 | . . 1 . . Piercing Weapon . | . . . . . Special Melee Weapon . | . . . . . Unidentified Prototypes . | . . . . . Parts Lost 2 | . . . . 2 Power . | . . . . . Propulsion 2 | . . . . 2 Utility . | . . . . . Weapon . | . . . . . Highest Loss Streak 1 | . . . . 1 To Critical Strikes . | . . . . . Average Backups 4 | 2 5 4 4 3 Power . | . 1 1 1 . Propulsion 1 | 1 2 2 2 1 Utility . | . . 1 1 1 Weapon . | . 1 . . . Tool/Special . | . . . . . Unused Backups 4 | . 2 . . 2 Power . | . . . . . Propulsion 1 | . . . . 1 Utility 1 | . . . . 1 Weapon 2 | . 2 . . . Tool/Special . | . . . . . Average Slot Usage (%) 98 | . 96 99 100 99 Engine 14 | . 14 14 14 14 Treads 26 | . 28 28 28 20 Leg 1 | . . . . 7 Storage 1 | . 7 . . . Processor 25 | . 16 28 28 28 Energy Gun 10 | . 3 11 14 14 Ballistic Cannon 8 | . 22 10 . . Slashing Weapon 8 | . . 5 14 14 Peak Build Rating 13 | 6 10 12 12 13 Average Rating 10 | 4 8 10 11 11 On Entrance 8 | . 6 10 12 12 Avg Prop Armor Cover (%) . | . . . . . Naked Turns . | . . . . . Heaviest Build 18 | 13 18 13 10 10 Greatest Support 43 | 40 40 40 40 43 Greatest Overweight (x) . | . . . . . Average Overweight (x) . | . . . . . Largest Inventory Capacity 10 | 8 10 5 5 5 Average Capacity 5 | 6 6 5 5 5 Most Carried 8 | 4 8 5 5 5 Average Carried 4 | 2 5 4 5 4 Final Capacity 8 | 8 5 5 5 5 Final Carried 5 | 4 5 5 5 3 Class Distribution -------------------- 100% | Mutant Dominant Class ---------------- Mutant | -10/Materials Mutant | -10/Mines Mutant | -10/Exiles Mutant | -9/Mines Resources | -11 -10 -10 -10 -9 ----------- Run | Yrd Mat Min Exi Min Matter Collected 625 | 260 201 119 . 45 Remotely . | . . . . . Salvage Created 442 | . 58 157 . 227 Parts 31 | . 9 6 . 16 Haulers Intercepted . | . . . . . Recyclers Shooed . | . . . . . Parts Field Recycled . | . . . . . Retrieved Matter . | . . . . . Parts Self-Destructed . | . . . . . Prevented . | . . . . . Parts Restored . | . . . . . Kills | -11 -10 -10 -10 -9 ------- Run | Yrd Mat Min Exi Min Combat Hostiles Destroyed 15 | . 5 3 . 7 Melee 4 | . . . . 4 Guns 3 | . . . . 3 Cannons 8 | . 5 3 . . Classes Destroyed 7 | . 3 2 . 2 Tunneler 1 | . . 1 . . Recycler 2 | . . 2 . . Operator 1 | . 1 . . . Watcher 2 | . 2 . . . Swarmer 10 | . 5 3 . 2 Grunt 4 | . . . . 4 Duelist 1 | . . . . 1 Best Kill Streak 3 | . 3 3 . 3 Combat Bots Only 3 | . 3 3 . 3 Max Kills in Single Turn 1 | . 1 1 . 1 Gunslinging . | . . . . . Exploded . | . . . . . Melee 1 | . . . . 1 Uniques/NPCs Destroyed . | . . . . . Combat | -11 -10 -10 -10 -9 -------- Run | Yrd Mat Min Exi Min Hostile Shots Fired 101 | . 27 7 . 67 Missed 24 | . 10 2 . 12 Hits 77 | . 17 5 . 55 Melee 3 | . . . . 3 Projectile 74 | . 17 5 . 52 Damage Taken 861 | . 138 44 . 679 Core 260 | . 32 9 . 219 Absorbed by Shields . | . . . . . Core Remaining (%) 100 | 100 . . . . Volleys Fired 51 | . 21 8 . 22 Largest 2 | . 2 2 . 1 Hottest 89 | . 66 89 . 56 Shots Fired 79 | . 42 15 . 22 Gun 24 | . . 2 . 22 Cannon 55 | . 42 13 . . Launcher . | . . . . . Special . | . . . . . Kinetic 55 | . 42 13 . . Thermal 24 | . . 2 . 22 Explosive . | . . . . . Electromagnetic . | . . . . . Robot Hit Streak 8 | . 3 8 . 4 Robot Miss Streak 4 | . 4 1 . 4 Penetration Max . | . . . . . Secondary Targets . | . . . . . Shots Hit Robots 53 | . 19 9 . 25 Core Hits 22 | . 7 6 . 9 Critical Kills . | . . . . . Critical Parts Destroyed . | . . . . . Critical Strikes 4 | . . 1 . 3 Burn 3 | . . 1 . 2 Sever 1 | . . . . 1 Melee Attacks 26 | . . . . 26 Impact . | . . . . . Slashing 26 | . . . . 26 Piercing . | . . . . . Sneak Attacks . | . . . . . Combat Hostiles . | . . . . . Follow-up Attacks . | . . . . . Damage Inflicted 1306 | . 424 207 . 675 Guns 173 | . . 14 . 159 Cannons 617 | . 424 193 . . Explosions . | . . . . . Melee 516 | . . . . 516 Ramming . | . . . . . Kinetic 617 | . 424 193 . . Thermal 173 | . . 14 . 159 Explosive . | . . . . . Electromagnetic . | . . . . . Impact . | . . . . . Slashing 516 | . . . . 516 Piercing . | . . . . . Highest Corruption . | . . . . . Average Corruption . | . . . . . Corruption Purged . | . . . . . Corruption Blocked . | . . . . . Overload Shots . | . . . . . Overflow Damage 41 | . 23 . . 18 Projectiles 23 | . 23 . . . Explosions . | . . . . . Melee 18 | . . . . 18 Knockbacks 1 | . 1 . . . Impact . | . . . . . Kinetic 1 | . 1 . . . Secondary . | . . . . . Self-Inflicted Damage . | . . . . . Shots . | . . . . . Rammed . | . . . . . Targets Rammed . | . . . . . Kicked . | . . . . . Crushed . | . . . . . Highest Temperature 87 | . 30 27 . 87 Average Temperature 22 | . 12 11 . 36 Received Heat Transfer 216 | . . . . 216 Siege Activations . | . . . . . Martial Activations . | . . . . . Shielding Activations . | . . . . . Robots Disrupted . | . . . . . Combat Hostiles . | . . . . . Robots Corrupted . | . . . . . Combat Hostiles . | . . . . . Parts Fried . | . . . . . Impact Corruptions . | . . . . . Robots Melted . | . . . . . Combat Hostiles . | . . . . . Parts Melted 4 | . . 2 . 2 Heat Transferred 666 | . . 111 . 555 Parts Sabotaged . | . . . . . Parts Stolen . | . . . . . Parts Stripped . | . . . . . Power Chain Reactions . | . . . . . Alert | -11 -10 -10 -10 -9 ------- Run | Yrd Mat Min Exi Min Maximum Alert Level . | . . . . . Low Security (%) 100 | 100 100 100 . 100 Level 1 . | . . . . . Level 2 . | . . . . . Level 3 . | . . . . . Level 4 . | . . . . . Level 5 . | . . . . . High Security . | . . . . . Max Security . | . . . . . Peak Influence 101 | . 101 64 . 74 Initial . | . . . . . Average 16 | . 27 6 . 18 Influence Increases 448 | . 179 89 . 180 Destroy 0b10 Robot/C 300 | . 100 60 . 140 Destroy 0b10 Robot/NC 30 | . 15 15 . . Destroy Leader 64 | . 24 10 . 30 Allied During Kill 4 | . . 4 . . Trap Triggered on 0b10 10 | . . . . 10 Successful Hack 7 | . 7 . . . Destroy Structure 3 | . 3 . . . Lose Combat Pursuer 30 | . 30 . . . Influence Decreases 416 | . 179 89 . 148 Time Decay 406 | . 179 89 . 138 Lost Part 10 | . . . . 10 Squads Dispatched . | . . . . . Investigation . | . . . . . Extermination . | . . . . . Reinforcement . | . . . . . Assault . | . . . . . Garrison . | . . . . . Intercept . | . . . . . Searches Triggered . | . . . . . Construction Impeded . | . . . . . Haulers Reinforced . | . . . . . Active Scanning Responses . | . . . . . Cargo Convoy Interrupts . | . . . . . Stealth | -11 -10 -10 -10 -9 --------- Run | Yrd Mat Min Exi Min Distress Signals 2 | . 2 . . . Communications Jammed . | . . . . . Distress Signals . | . . . . . Times Spotted 23 | . 10 3 . 10 Peak Tracking Total 5 | . 5 3 . 3 Tactical Retreats 2 | . 2 . . . Traps | -11 -10 -10 -10 -9 ------- Run | Yrd Mat Min Exi Min Traps Triggered 1 | . 1 . . . Indirectly . | . . . . . Trap Hack Attempts . | . . . . . Triggered . | . . . . . Disarmed . | . . . . . Reprogrammed . | . . . . . Reused 1 | . . . . 1 Traps Extracted . | . . . . . Installed 1 | . . . . 1 Triggered 1 | . . . . 1 Most Traps Carried 1 | . . 1 1 1 Machines | -11 -10 -10 -10 -9 ---------- Run | Yrd Mat Min Exi Min Machines Disabled . | . . . . . Max in Single Turn . | . . . . . Machines Repaired . | . . . . . Machines Dismantled . | . . . . . Machines Sabotaged . | . . . . . Overloaded Fab Kills . | . . . . . Hacking | -11 -10 -10 -10 -9 --------- Run | Yrd Mat Min Exi Min Machines Accessed 6 | . 2 . 4 . Terminals 1 | . 1 . . . Fabricators . | . . . . . Repair Stations . | . . . . . Recycling Units 1 | . 1 . . . Scanalyzers . | . . . . . Garrison Access . | . . . . . Total Hacks 7 | . 3 . 4 . Successful 6 | . 2 . 4 . Failed 1 | . 1 . . . Catastrophic . | . . . . . Database Lockouts . | . . . . . Manual . | . . . . . Terminals 2 | . 2 . . . Fabricators . | . . . . . Repair Stations . | . . . . . Recycling Units 1 | . 1 . . . Scanalyzers . | . . . . . Garrison Access . | . . . . . Terminal Hacks 5 | . 1 . 4 . Record 4 | . . . 4 . Branch Access Points 1 | . 1 . . . Fabricator Hacks . | . . . . . Repair Station Hacks . | . . . . . Recycling Unit Hacks 1 | . 1 . . . Report Inventory 1 | . 1 . . . Scanalyzer . | . . . . . Garrison Access Hacks . | . . . . . Unauthorized Hacks . | . . . . . Terminals . | . . . . . Fabricators . | . . . . . Repair Stations . | . . . . . Recycling Units . | . . . . . Scanalyzers . | . . . . . Garrison Access . | . . . . . Data Cores Recovered . | . . . . . Used . | . . . . . Hacking Detections 1 | . 1 . . . Full Trace Events . | . . . . . Feedback Events . | . . . . . Feedback Blocked . | . . . . . Robot Schematics Acquired . | . . . . . Robots Built . | . . . . . Authchips . | . . . . . Time . | . . . . . Total Robot Build Rating . | . . . . . Part Schematics Acquired . | . . . . . Parts Built . | . . . . . Authchips . | . . . . . Time . | . . . . . Total Part Build Rating . | . . . . . Part Studies Acquired . | . . . . . Parts Repaired . | . . . . . Time . | . . . . . Parts Recycled . | . . . . . Recycled Matter . | . . . . . Retrieved Matter . | . . . . . Retrieved Components . | . . . . . Parts Scanalyzed . | . . . . . Part Schematics Acquired . | . . . . . Parts Damaged . | . . . . . Bothacking | -11 -10 -10 -10 -9 ------------ Run | Yrd Mat Min Exi Min Used RIF Installer . | . . . . . Robots Hacked . | . . . . . Non-combat . | . . . . . Combat . | . . . . . Robot Hacks Applied . | . . . . . Relay Couplers Released . | . . . . . Fabnet Peak Effective % . | . . . . . Robots Rewired . | . . . . . Allies Hacked . | . . . . . Hacks Repelled . | . . . . . Allies | -11 -10 -10 -10 -9 -------- Run | Yrd Mat Min Exi Min Total Allies 1 | . . 1 . . Largest Group 1 | . . 1 . . Highest-Rated Group 31 | . . 31 . . Highest-Rated Ally 31 | . . 31 . . Total Orders . | . . . . . Ally Attacks . | . . . . . Total Damage . | . . . . . Kills . | . . . . . Allies Corrupted . | . . . . . Allies Melted . | . . . . . Intel | -11 -10 -10 -10 -9 ------- Run | Yrd Mat Min Exi Min Active Infowar (turns) 2909 | . 349 886 987 687 Optics 2909 | . 349 886 987 687 Robot Analysis Total . | . . . . . Derelict Logs Recovered 3 | . . 2 . 1 Drone Launches . | . . . . . Drone Recoveries . | . . . . . Exploration | -11 -10 -10 -10 -9 ------------- Run | Yrd Mat Min Exi Min Turns Passed 3399 | 76 763 886 987 687 Spaces Moved 1978 | 44 406 524 616 388 Core 7 | 7 . . . . Treads 1858 | 37 406 524 616 275 Legs 113 | . . . . 113 Wheels . | . . . . . Hover . | . . . . . Flight . | . . . . . Fastest Speed 50 | 50 160 160 160 120 Average Speed 157 | 142 160 160 160 148 Slowest Speed 160 | 160 160 160 160 160 Overloaded Moves . | . . . . . Propulsion Burnouts . | . . . . . Robots Hopped . | . . . . . Potential Cave-ins . | . . . . . Cave-ins Triggered . | . . . . . Exploration Rate (%) 68 | 3 69 98 95 75 Regions Visited 4 Branch Regions 3 Pre-discovered Areas . | . . . . . Known Exits Taken 1 | . 1 . . . Unknown Exits Taken 3 | 1 . 1 1 . Scrap Searched 2 | . . 1 . 1 Spaces Dug . | . . . . . Terrain Destroyed 2 | . 2 . . . Melee . | . . . . . Projectile 2 | . 2 . . . AOE . | . . . . . Terrain Rammed . | . . . . . Walls Destroyed . | . . . . . Machines Disabled . | . . . . . Actions | -11 -10 -10 -10 -9 --------- Run | Yrd Mat Min Exi Min Total 2159 | 55 478 557 617 452 Wait 58 | . 30 21 . 7 Move 1974 | 43 405 523 615 388 Hop . | . . . . . Pick Up 13 | 6 5 1 . 1 Fast Attach 12 | 4 6 1 1 . Attach 3 | 2 . . . 1 Detach 2 | . 2 . . . Swap 6 | . 2 1 . 3 Drop 13 | . 7 2 1 3 Fire 51 | . 21 8 . 22 Melee 26 | . . . . 26 Ram . | . . . . . Kick . | . . . . . Crush . | . . . . . Escape Stasis . | . . . . . Rewire . | . . . . . Trap 1 | . . . . 1 Miscellaneous . | . . . . . Route ------- -11/Scrapyard -10/Materials (discovered 3 exits: [*Mat] / *Min x2) -10/Mines (discovered 4 exits: [*Mat x2] / *Exi / [*Sub]) -10/Exiles (discovered 2 exits: [*Min x2]) -9/Mines History --------- Turn | Location | Event 21 | -11/Scrapyard | Discovered new exit (range 14) 77 | -11/Scrapyard | Entered Materials 304 | -10/Materials | Build established: Mutant 505 | -10/Materials | Discovered new exit (range 10) 575 | -10/Materials | Discovered new exit (range 8) 701 | -10/Materials | Discovered new exit (range 7) 811 | -10/Materials | Identified exit to Mines 840 | -10/Materials | Entered Mines 843 | -10/Mines | Received a Mining Laser from a helpful Derelict 852 | -10/Mines | Learned Materials stockpile data 875 | -10/Mines | Learned Materials garrison access intel 1000 | -10/Mines | Found a hidden stash of uninstalled traps 1070 | -10/Mines | Discovered new exit (range 5) 1133 | -10/Mines | Discovered new exit (range 17) 1229 | -10/Mines | Discovered new exit (range 7) 1259 | -10/Mines | Deemed a non-threat by the Exiles lab entrance 1259 | -10/Mines | Discovered new exit (range 5) 1357 | -10/Mines | A weapon hastily lodged in a ceiling crevice suddenly fell to the ground 1726 | -10/Mines | Entered Exiles 1726 | -10/Exiles | Found Exiles lab abandoned 1752 | -10/Exiles | Discovered new exit (range 15) 2495 | -10/Exiles | Discovered new exit (range 12) 2713 | -10/Exiles | Entered Mines 3211 | -9/Mines | Core integrity fell below 50% 3305 | -9/Mines | Core integrity fell below 20% 3400 | -9/Mines | Destroyed by Y-45 Defender with Heavy Assault Rifle Last Messages --------------- 03247_ Acquired Imp. Aluminum Leg. 03248_ U-05 Engineer lays Concrete. 03267_ C-30 ARC bursts open, deploying its payload. 03267_ G-47 Trooper unfolds itself. 03267_ G-34 Mercenary unfolds itself. 03304_ G-47 Trooper Aluminum Leg severed. 03310_ G-47 Trooper destroyed. 03314_ K-01 Serf collects debris. 03316_ Destroyed Ion Engine. 03318_ G-34 Mercenary destroyed. 03319_ K-01 Serf collects debris. 03342_ Acquired derelict log, extracted data. Data stored: Factory entrances (x1). 03369_ Searching scrap... 03369_ Found Beam Cannon. 03369_ Found 31 Matter. 03369_ Found Lgt. EM Pulse Cannon. 03369_ Found Sml. Laser. 03369_ Found 51 Matter. 03400_ Aluminum Leg destroyed. Map ----- +----------------------------------------------------+ | ??????????????## ####?????????????????? | | ?????????????## #??????????####??? | | ?????????##### ####?????## ##?? | | ?????? *!*=#????## ### | | ?????? [[%###### | | ?????? ##%=! ! | | ?????? ???# % ## | | ??????? ?????#####!######### | | ??????? ???????????# #???????## | | ???????? ??????####???# #????????## | | ???????? ???????## ##??# ####??????# | | ???????? ???????### #??# #??????? | | ????????????????## ##??# ## #??????? | | ????????????????# #???# ## #?????"" | | ????????????????# ##??# ## #??? "" | | ???????????????## %=##?# ## ## "" | | ???????????????# [*=### ## % | | ???????????????# =%! ## ##### " | | ???????????????# #????? | | ??????????????## #####?????? | | ??????????###?# ########????? | | ?????????##!!## #??????# | | ?????????#"!! # ##### #??????? | | ?????????# / ###### #??????? | | ?????????# YY ## #??????? | | ?????????#"]| #@ #### ######??????? | | ?????????##![## ##??# #???????????? | | ??????????###?### #???# #???########? | | ???????????##### ##??# #???# #? | | ??????????## #??# #???# #? | | ??????????# #??# #???# #? | | ??????????# #??# #???# #? | | ??????????## #??# #???# """" #? | | ???????????# ##??# #???# """" #? | | ???????????# ##???# #???# """" #? | | ???????????## # ###????# #???# #? | | ????????????#### #??????# #???### ####? | | ???????????????# %######## ####### ##### | | ???????????????# [%]] # | | ???????????????# ########### ## ####### | | ??????????????# ???????????#????????? | | ?????????????# ????????????????????? | | ?????????????# ???????????????????? | | ????????????# #???????????????????? | | ???????????# ##???????????????????? | | ???????????## ##????????????????????? | | ????????????## ??????????????????????? | | ?????????????## ??????????????????????? | | ??????????????# ??????????????????????? | | ??????????????# ??????????????????????? | +----------------------------------------------------+ Best States ------------- Heat Dissipation 25 Energy Generation 10 Energy Capacity 250 Matter Stores 300 Matter Capacity 300 Sight Range 18 Terrain Scan Density 10 Evasion (%) 55 Targeting Accuracy 5 Recoil Reduction 2 Item Schematics ----------------- None Robot Schematics ------------------ None Fabricated ------------ Nothing Repaired ---------- Nothing Studied --------- None Alien Tech Used ----------------- None Achievements -------------- None Challenges ------------ None Game ------ Seed SigixThiefProcessor Manual? 0 Play Time 00:26:20 Cumulative 7.3 hours Start 2026.04.26 @ 14:53:41 End 2026.04.26 @ 15:19:31 Sessions 1 Manual Loads 0 Difficulty Rogue Special Mode None Game No. 8 Rogue 8 Adventurer 0 Explorer 0 Win Type - Total 0 Types 0/0/0/0/0/0/0/0/0/0 Lore% 7 Gallery% 8 Achievement% 9 Wizard Run 0 Options --------- Layout 0 ASCII 0 Keyboard 1 Movement Numpad Keybinds 0 Fullscreen 1 Font 18/SmallcapsGlow Map View 76x50 Zoom Use 0% Tactical HUD 1 Map Filters NONE Filters NONE Steam 1 RUN: 5e8479ca-86c9-4247-8d72-9312aed9d26e